 Dungeon Crawl Stone Soup version 0.30.1-11-g7821555f0a (webtiles) character file.

Game seed: 6942927440566918841

215 jfcaron the Poker (level 5, -2/47 HPs)
             Began as a Gnoll Chaos Knight on Nov 12, 2023.
             Was a Plaything of Xom.
             Slain by an ogre
             ... wielding a +0 giant club
              (24 damage)
             ... on level 4 of the Dungeon.
             The game lasted 00:05:06 (3158 turns).

jfcaron the Poker (Gnoll Chaos Knight)              Turns: 3158, Time: 00:05:06

Health: -2/47      AC:  6    Str: 15    XL:     5   Next: 92%
Magic:  7/7        EV: 12    Int: 15    God:    Xom [..*...]
Gold:   91         SH:  5    Dex: 11    Spells: 7/7 levels left

rFire   . . .        o - +1 quarterstaff of Xearr {freeze, Will+ Str+2 Int+3}
rCold   . . .        (shield currently unavailable)
rNeg    . . .        b - +3 leather armour
rPois   .            (no helmet)
rElec   .            (no cloak)
rCorr   .            (no gloves)
SInv    .            (no boots)
Will    .....        s - amulet of reflection
Stlth   +            (no ring)
HPRegen 0.27/turn    (no ring)
MPRegen 0.10/turn

%: reflection
@: lethally poisoned (-2 -> -4), weak-willed
A: fangs 1, strong nose, distributed training
a: Renounce Religion


You were on level 4 of the Dungeon.
You worshipped Xom.
You were a toy of Xom.
You visited 1 branch of the dungeon, and saw 4 of its levels.

You collected 91 gold pieces.

Inventory:

Hand Weapons
 a - a +0 spear of chaos
 g - a +2 vampiric scimitar
   (You found it on level 1 of the Dungeon)
 o - the +1 quarterstaff of Xearr (weapon) {freeze, Will+ Str+2 Int+3}
   (You took it off a goblin on level 2 of the Dungeon)

   Str:       It affects your strength (+2).
   Int:       It affects your intelligence (+3).
   Will:      It increases your willpower.
 q - the +2 hand axe of the Swamp {pain, *Slow rN+ SInv}
   (You found it on level 2 of the Dungeon)

   rN:        It protects you from negative energy.
   SInv:      It lets you see invisible.
   *Slow:     It may slow you when you take damage.
 t - a +0 dagger of venom
   (You took it off a kobold on level 3 of the Dungeon)
Missiles
 d - 27 stones (quivered)
Armour
 b - a +3 leather armour (worn)
 e - an orb of wrath
   (You found it on level 2 of the Dungeon)
 l - an orb of mayhem
   (You found it on level 1 of the Dungeon)
 p - a +0 buckler
 r - a +0 plate armour
Jewellery
 s - an amulet of reflection (around neck)
   (You found it on level 3 of the Dungeon)
Wands
 x - a wand of light (6)
   (You found it on level 3 of the Dungeon)
Scrolls
 n - a scroll of enchant armour
Potions
 f - 3 potions of heal wounds {unknown}
 h - a potion of berserk rage {unknown}
 i - a potion of magic {unknown}
 j - a potion of curing {unknown}
 k - a potion of mutation {unknown}
 m - 3 potions of attraction {unknown}
 v - a potion of invisibility {unknown}
Miscellaneous
 c - a piece from Xom's chessboard (14/15)


   Skills:
 + Level 6.8 Fighting
 + Level 1.8 Short Blades
 + Level 1.8 Long Blades
 + Level 1.8 Axes
 + Level 1.8 Maces & Flails
 + Level 6.8 Polearms
 + Level 1.8 Staves
 + Level 1.8 Ranged Weapons
 + Level 1.8 Throwing
 + Level 4.9 Armour
 + Level 3.1 Dodging
 + Level 1.8 Stealth
 + Level 1.8 Shields
 + Level 1.8 Unarmed Combat
 + Level 1.8 Spellcasting
 + Level 1.4 Conjurations
 + Level 1.4 Hexes
 + Level 1.4 Summonings
 + Level 1.4 Necromancy
 + Level 1.4 Translocations
 + Level 1.4 Transmutations
 + Level 1.4 Fire Magic
 + Level 1.4 Ice Magic
 + Level 1.4 Air Magic
 + Level 1.4 Earth Magic
 + Level 1.4 Poison Magic
 + Level 2.0 Invocations
 + Level 1.8 Evocations


You had 7 spell levels left.
You didn't know any spells.
Your spell library contained the following spells:

 Spells                   Type           Power      Damage    Failure   Level
 Dazzling Flash           Conj/Hex       10%        N/A       41%         3
 Volatile Blastmotes      Fire/Tloc      10%        2d10      41%         3
 Iskenderun's Mystic Bla  Conj/Tloc      5%         2d3       83%         4
 Starburst                Conj/Fire      2%         6d3       100%        6


Dungeon Overview and Level Annotations

Branches:
Dungeon (4/15)
 Temple: D:4-7

Altars:
Ashenzari
Elyvilon
Fedhas
Kikubaaqudgha
Qazlal
Yredelemnul


Innate Abilities, Weirdness & Mutations

You have very sharp teeth.
Your uncanny sense of smell can sniff out nearby items.
Your experience applies equally to all skills.


Message History

Your +2 leather armour glows green for a moment.
As you read the scroll labelled QASOCI TOTAC, it crumbles to dust.
You hear a loud clanging noise!
It was a scroll of noise.
You hear an angry hiss.
You hear a shout!
You hear an angry hiss.
An adder comes into view.
As you read the scroll labelled FAPUCI MIUSIMP, it crumbles to dust.
Magic quickly surges around you.
It was a scroll of vulnerability.
You throw a stone. The stone closely misses the adder.
You throw a stone. The stone closely misses the adder.
You throw a stone. The stone barely misses the adder.
You throw a stone. The stone barely misses the adder.
You closely miss the adder. The adder barely misses you.
An ogre comes into view. It is wielding a +0 giant club.
The adder closely misses you.
You sock the adder!
The adder seems to slow down.
You freeze the adder.
The adder is almost dead.
The adder misses you.
You miss the adder. You bite the adder.
The adder is almost dead.
The adder completely misses you.
You miss the adder.
The adder is almost dead.
You block the adder's attack.
You closely miss the adder.
The adder is almost dead.
The adder bites you.
The ogre hits you with a +0 giant club!!
You closely miss the adder.
The adder is almost dead.
The adder is no longer moving slowly.
The adder bites you.
You are poisoned.
The adder poisons you!
You closely miss the adder. You bite the adder.
You kill the adder!
You feel sick.
The ogre hits you with a +0 giant club!!
Ouch! That really hurt!
You die...
Xom thinks this is hilarious!

#. ... .!# #.(
#..#####..#
#........#
###....<..
.........#
.........## ∆
#..O@..#
#....†....#
#............#
............##
............#
#####........#
#..##......
### ......


You could see an ogre.

Vanquished Creatures
  An orc priest (D:3)
  2 orc wizards (D:2)
  7 adders
  An adder zombie (D:3)
  2 adder skeletons (D:3)
  2 worms
  2 orcs (D:3)
  7 ball pythons
  6 endoplasms
  A giant cockroach (D:1)
  8 goblins
  6 hobgoblins
  4 jackals
  9 kobolds
  3 quokkas
  A ball python skeleton (D:3)
  4 bats
  5 frilled lizards
  4 rats
  2 rat zombies (D:3)
77 creatures vanquished.

Notes
Turn   | Place    | Note
-------+----------+-------------------------------------------
     0 | D:1      | jfcaron the Gnoll Chaos Knight began the quest for the Orb.
     0 | D:1      | Reached XP level 1. HP: 23/23 MP: 1/1
    79 | D:1      | Reached XP level 2. HP: 23/29 MP: 2/2
   343 | D:1      | Reached XP level 3. HP: 35/35 MP: 3/3
   754 | D:1      | XOM: silly message
   915 | D:2      | XOM: enchant monster (bad)
   932 | D:2      | Reached skill level 1 in Invocations
   963 | D:2      | Reached skill level 1 in Short Blades
   963 | D:2      | Reached skill level 1 in Long Blades
   963 | D:2      | Reached skill level 1 in Axes
   963 | D:2      | Reached skill level 1 in Maces & Flails
   963 | D:2      | Reached skill level 1 in Staves
   963 | D:2      | Reached skill level 1 in Ranged Weapons
   963 | D:2      | Reached skill level 1 in Throwing
   963 | D:2      | Reached skill level 1 in Stealth
   963 | D:2      | Reached skill level 1 in Shields
   963 | D:2      | Reached skill level 1 in Unarmed Combat
   963 | D:2      | Reached skill level 1 in Spellcasting
   963 | D:2      | Reached skill level 1 in Evocations
  1078 | D:2      | Identified the +1 quarterstaff of Xearr {freeze, Will+
                  | Str+2 Int+3}
  1084 | D:2      | Found a faded altar of an unknown god.
  1163 | D:2      | Reached XP level 4. HP: 35/41 MP: 5/5
  1376 | D:2      | Identified the +2 hand axe of the Swamp {pain, *Slow rN+
                  | SInv}
  1527 | D:2      | XOM: 2-stop teleportation journey
  1546 | D:2      | Reached skill level 1 in Conjurations
  1546 | D:2      | Reached skill level 1 in Hexes
  1546 | D:2      | Reached skill level 1 in Summonings
  1546 | D:2      | Reached skill level 1 in Necromancy
  1546 | D:2      | Reached skill level 1 in Translocations
  1546 | D:2      | Reached skill level 1 in Transmutations
  1546 | D:2      | Reached skill level 1 in Fire Magic
  1546 | D:2      | Reached skill level 1 in Ice Magic
  1546 | D:2      | Reached skill level 1 in Air Magic
  1546 | D:2      | Reached skill level 1 in Earth Magic
  1546 | D:2      | Reached skill level 1 in Poison Magic
  1903 | D:3      | XOM: noise
  2028 | D:3      | Found a white marble altar of Elyvilon.
  2119 | D:3      | Found a blossoming altar of Fedhas.
  2197 | D:3      | Found a basalt altar of Yredelemnul.
  2320 | D:2      | Reached XP level 5. HP: 29/47 MP: 5/7
  2408 | D:3      | XOM: potion effect (heal wounds)
  2511 | D:3      | Found an ancient bone altar of Kikubaaqudgha.
  2546 | D:3      | XOM: 3-stop teleportation journey
  2724 | D:3      | Found a stormy altar of Qazlal.
  3088 | D:3      | Found a broken altar of Ashenzari.
  3152 | D:4      | Noticed an ogre
  3158 | D:4      | Slain by an ogre

Illustrated notes

Levels and vault maps discovered:
D:1:      beargit_arrival_diablo_church, layout_basic, minmay_pentomino_r4
D:2:      layout_basic, hellmonk_ecumenical_altar_lost_god
D:3:      layout_loops_corners, nicolae_qazlal_eye_of_the_storm,
          lemuel_zombie_altar_kikubaaqudgha, nicolae_overflow_quartered_altars,
          serial_undead, serial_undead_d, serial_undead_b, serial_undead_f,
          serial_undead_f, minmay_diced_spiral
D:4:      layout_layer_cave

Skill      XL: |  1  2  3  4  5 |
---------------+----------------+-----
Invocations    | 1 2 |  2.0
Short Blades   | 1 |  1.8
Long Blades    | 1 |  1.8
Axes           | 1 |  1.8
Maces & Flails | 1 |  1.8
Staves         | 1 |  1.8
Ranged Weapons | 1 |  1.8
Throwing       | 1 |  1.8
Stealth        | 1 |  1.8
Shields        | 1 |  1.8
Unarmed Combat | 1 |  1.8
Spellcasting   | 1 |  1.8
Evocations     | 1 |  1.8
Conjurations   | 1 |  1.4
Hexes          | 1 |  1.4
Summonings     | 1 |  1.4
Necromancy     | 1 |  1.4
Translocations | 1 |  1.4
Transmutations | 1 |  1.4
Fire Magic     | 1 |  1.4
Ice Magic      | 1 |  1.4
Air Magic      | 1 |  1.4
Earth Magic    | 1 |  1.4
Poison Magic   | 1 |  1.4
Dodging        | 3 |  3.1
Fighting       | |  6.8
Polearms       | |  6.8
Armour         | |  4.9

Action                     |  1- 3 |  4- 6 || total
---------------------------+-------+-------++-------
  Melee: Spear             |   117 |       ||   117
         Bite              |     9 |    11 ||    20
         Punch             |     3 |       ||     3
         Quarterstaff      |     7 |   104 ||   111
         Hand axe          |       |     8 ||     8
  Throw: Stone             |       |     7 ||     7
  Evoke: Piece from Xom's  |     6 |       ||     6
    Use: Scroll            |     1 |     3 ||     4
   Stab: Petrified         |     1 |       ||     1
         Paralysed         |     1 |       ||     1
         Sleeping          |       |     2 ||     2
 Armour: Leather armour    |    18 |    44 ||    62
  Dodge: Dodged            |    49 |    65 ||   114
  Block: Other             |       |     9 ||     9

Table legend: (Time is in decaauts)
 A = Elapsed time spent in this place.
 B = Non-inter-level travel time spent in this place.
 C = Inter-level travel time spent in this place.
 D = Time resting spent in this place.
 E = Time spent auto-exploring this place.
 F = Levels seen in this place.
 G = Mean time per level.
                   A        B        C        D        E       F      G
               +--------+--------+--------+--------+--------+-----+--------+
         Total |   3159 |   3030 |    129 |    107 |   2386 |   4 |  789.8 |
       Dungeon |   3159 |   3030 |    129 |    107 |   2386 |   4 |  789.8 |
               +--------+--------+--------+--------+--------+-----+--------+

Top non-repeatable levels by time:
     D:3: 1161 daAuts
     D:2: 1097 daAuts
     D:1: 885 daAuts
     D:4: 15 daAuts

Table legend:
 A = Kills in this place as a percentage of kills in the entire game.
 B = Kills by you in this place as a percentage of kills by you in the entire game.
 C = Kills by friends in this place as a percentage of kills by friends in the entire game.
 D = Other kills in this place as a percentage of other kills in the entire game.
 E = Experience gained in this place as a percentage of experience gained in the entire game.
 F = Experience gained in this place divided by the number of levels of this place that you have seen.
                   A       B       C       D       E      F
               +-------+-------+-------+-------+-------+----------------------
         Total | 100.0 | 100.0 |   N/A |   N/A | 100.0 |  80.5
       Dungeon | 100.0 | 100.0 |   N/A |   N/A | 100.0 |  80.5
               +-------+-------+-------+-------+-------+----------------------

Levels and vault maps discovered:
D:1:      beargit_arrival_diablo_church, layout_basic, minmay_pentomino_r4
D:2:      layout_basic, hellmonk_ecumenical_altar_lost_god
D:3:      layout_loops_corners, nicolae_qazlal_eye_of_the_storm,
          lemuel_zombie_altar_kikubaaqudgha, nicolae_overflow_quartered_altars,
          serial_undead, serial_undead_d, serial_undead_b, serial_undead_f,
          serial_undead_f, minmay_diced_spiral
D:4:      layout_layer_cave
